 Seeded DCSS version 0.29.1-15-g9cfb28693d (webtiles) character file.

Game seed: 16812088435827037613 (custom seed)

310 Mune the Chopper (level 6, -1/42 HPs)
             Began as an Octopode Fighter on Aug 22, 2023.
             Slain by a gnoll
             ... wielding a +0 flail
              (6 damage)
             ... on level 3 of the Dungeon.
             The game lasted 00:06:54 (3835 turns).

Mune the Chopper (Octopode Fighter)                 Turns: 3835, Time: 00:06:54

Health: -1/42      AC:  1    Str: 17    XL:     6   Next: 41%
Magic:  6/6        EV: 14    Int: 10    God:
Gold:   158        SH:  5    Dex: 18    Spells: 3/5 levels left

rFire   . . .      SeeInvis .   a - +0 war axe
rCold   . . .      Faith    .   b - +0 buckler
rNeg    . . .      Spirit   .   (helmet restricted)
rPois   .          Reflect  .   (no amulet)
rElec   .          Harm     .   e - +6 ring of dexterity
rCorr   .          Rampage  .   (no ring)
Will    .....                   (no ring)
Stlth   +++.......              (no ring)
HPRegen 0.14/turn               (no ring)
MPRegen 0.10/turn               (no ring)
                                (no ring)
                                (no ring)

@: no status effects
A: almost no armour, amphibious, 8 rings, camouflage 1, gelatinous body 1,
(nimble swimmer 1), tentacles
a: no special abilities


You were on level 3 of the Dungeon.
You visited 1 branch of the dungeon, and saw 3 of its levels.

You collected 158 gold pieces.

Inventory:

Hand Weapons
 a - a +0 war axe (weapon)
Armour
 b - a +0 buckler (worn)
Jewellery
 e - a +6 ring of dexterity (left tentacle)
Wands
 m - a wand of paralysis (9)
Scrolls
 h - 2 scrolls of poison
 j - a scroll of teleportation
 n - 2 scrolls of amnesia
 o - a scroll of immolation
Potions
 d - 3 potions of lignification
 f - a potion of attraction
 p - a potion of curing


   Skills:
 - Level 3.0 Fighting
 + Level 6.6 Axes
 - Level 3.0 Dodging
 - Level 3.0 Shields


You had 3 spell levels left.
You knew the following spells:

 Your Spells              Type           Power      Damage    Failure   Level
a - Passwall              Tmut/Erth      0%         N/A       58%         2

Your spell library contained the following spells:

 Spells                   Type           Power      Damage    Failure   Level
 Summon Small Mammal      Summ           0%         N/A       45%         1
 Ensorcelled Hibernation  Hex/Ice        0%         N/A       58%         2
 Call Canine Familiar     Summ           0%         N/A       83%         3
 Summon Guardian Golem    Hex/Summ       0%         N/A       83%         3
 Swiftness                Air            0%         N/A       83%         3


Dungeon Overview and Level Annotations

Branches:
Dungeon (3/15)

Altars:

Shops:
D:1 [


Innate Abilities, Weirdness & Mutations

You cannot wear most types of armour.
You are amphibious.
You can wear up to eight rings at the same time.
Your skin changes colour to match your surroundings (Stealth+).
Your rubbery body absorbs attacks. (AC +1, EV +1)
((You are camouflaged when in or above water. (Stealth+)))
You have tentacles for arms and can constrict up to eight enemies at once.


Message History

You slash the kobold!
You kill the kobold!
You hit the kobold.
You kill the kobold!
You hit the kobold.
You kill the kobold!
You closely miss the kobold. You grab the kobold. You hit the kobold.
You kill the kobold!
You hit the kobold but do no damage. You slash the kobold!
You kill the kobold!
You constrict the kobold, but do no damage.
The kobold hits you with a +0 club.
* * * LOW HITPOINT WARNING * * *
The kobold barely misses you.
You barely miss the kobold. You hit the kobold. You constrict the kobold.
A gnoll comes into view. It is wielding a +0 flail.
The kobold hits you with a +0 club.
* * * LOW HITPOINT WARNING * * *
The kobold closely misses you. You block the kobold's attack.
The kobold hits you with a +0 club.
* * * LOW HITPOINT WARNING * * *
The gnoll closely misses you.
You hit the gnoll but do no damage. You grab the gnoll. You hit the kobold.
You kill the kobold!
You hit the kobold.
You kill the kobold!
You constrict the gnoll. The gnoll closely misses you.
You hit the gnoll.
You squeeze the gnoll, but do no damage.
The gnoll is severely wounded.
You constrict the gnoll. You block the gnoll's attack.
You barely miss the gnoll.
The gnoll is almost dead.
You constrict the gnoll.
You kill the gnoll!
Items here: ))) ††.
You slash the gnoll! You grab the gnoll.
The gnoll is severely wounded.
You constrict the gnoll. The gnoll hits you with a +0 flail.
You die...

#≈≈≈≈≈~≈#####≈≈≈≈≈≈≈≈≈≈≈≈≈≈≈≈≈≈≈≈
#≈≈≈≈≈≈≈# #####################
#≈≈≈≈≈≈≈# #......## ##.....#...
#≈≈≈≈≈≈≈#$ #.......###......'...
#≈≈≈≈≈≈≈##'##........#.......####
##≈≈≈≈≈≈≈#...........#......)....
#≈≈≈≈≈≈≈#...........'......)....
#≈≈≈≈≈≈≈#....)))....#...........
#≈≈≈≈≈≈## #..g@)...#.......####
##≈≈≈≈≈# #.)()...###......'(..
#≈≈≈≈≈# #...)..## ##.....#)..
#≈≈≈≈≈# #####################
##≈≈≈≈#####≈≈≈≈≈≈≈≈≈≈≈≈≈≈≈≈≈≈≈≈
####≈≈≈≈≈≈≈≈≈≈≈≈≈≈≈≈≈≈≈≈≈≈≈≈≈≈
########≈≈≈≈≈≈≈≈≈≈≈≈≈≈≈≈≈≈≈
####################


You could see a gnoll.

Vanquished Creatures
  A kobold brigand (D:3)
  Natasha (D:2)
  10 gnolls (D:3)
  An adder (D:2)
  A worm (D:2)
  2 dart slugs (D:2)
  5 orcs (D:3)
  2 giant cockroaches (D:1)
  10 goblins
  6 hobgoblins
  45 kobolds
  5 quokkas
  8 ball pythons
  5 bats
  2 frilled lizards (D:2)
  2 rats
106 creatures vanquished.

Notes
Turn   | Place    | Note
-------+----------+-------------------------------------------
     0 | D:1      | Mune the Octopode Fighter began the quest for the Orb.
     0 | D:1      | Reached XP level 1. HP: 16/16 MP: 1/1
   233 | D:1      | Reached XP level 2. HP: 20/21 MP: 2/2
   382 | D:1      | Reached skill level 3 in Axes
   729 | D:1      | Found Tifises's Antique Armour Emporium.
   738 | D:1      | Reached XP level 3. HP: 15/26 MP: 3/3
  1462 | D:2      | Reached skill level 4 in Axes
  1632 | D:2      | Noticed Natasha
  1641 | D:2      | Killed Natasha
  1642 | D:2      | Reached XP level 4. HP: 22/31 MP: 4/4
  2537 | D:3      | Learned a level 2 spell: Passwall
  2990 | D:3      | Identified the +9 hammer of Chaos {venom, Dex+4}
  3066 | D:3      | Reached skill level 5 in Axes
  3069 | D:3      | Reached XP level 5. HP: 34/36 MP: 5/5
  3112 | D:3      | Noticed a kobold brigand
  3118 | D:3      | Killed a kobold brigand
  3295 | D:3      | Reached skill level 6 in Axes
  3295 | D:3      | Reached XP level 6. HP: 20/42 MP: 6/6
  3835 | D:3      | Slain by a gnoll

Illustrated notes

Levels and vault maps discovered:
D:1:      sevenhm_arrival_forest_fort_large_2, layout_loops_corners,
          serial_shops, shop, minivault_27
D:2:      layout_basic, uniq_natasha
D:3:      minmay_goblin_kobold_castle, layout_basic, uniq_crazy_yiuf_cottage

Skill      XL: |  1  2  3  4  5 |
---------------+----------------+-----
Axes           | 3 4 5 6 |  6.6
Fighting       | |  3.0
Dodging        | |  3.0
Shields        | |  3.0

Action                   |  1- 3 |  4- 6 || total
-------------------------+-------+-------++-------
Melee: War axe           |    60 |    96 ||   156
       Constrict         |    19 |    28 ||    47
       Tentacles         |     9 |    17 ||    26
       Punch             |     1 |     1 ||     2
  Use: Potion            |     1 |     2 ||     3
       Scroll            |       |     9 ||     9
 Stab: Sleeping          |     5 |     4 ||     9
       Distracted        |       |     2 ||     2
Armor: Skin              |     3 |     7 ||    10
Dodge: Dodged            |    30 |    73 ||   103
Block: Buckler           |    11 |    27 ||    38
